 Dungeon Crawl Stone Soup version 0.30-b1-2-g02819fbbbe (webtiles) character file.

Game seed: 1216784444332978694

9 Alarkh the Sneak (level 2, 23/24 HPs)
             Began as a Demonspawn Delver on May 22, 2023.
             Quit the game on level 2 of the Dungeon.
             The game lasted 00:00:49 (322 turns).

Alarkh the Sneak (Demonspawn Delver)                 Turns: 322, Time: 00:00:50

Health: 23/24      AC:  6    Str: 12    XL:     2   Next: 6%
Magic:  2/2        EV:  9    Int: 11    God:
Gold:   0          SH:  0    Dex: 14    Spells: 1/1 levels left

rFire   . .          .
                       - Unarmed
rCold   + . .        (no shield)
rNeg    . . .        h - +0 scale mail
rPois   .            (helmet restricted)
rElec   .            (no cloak)
rCorr   .            (no gloves)
SInv    .            (no boots)
Will    .....        (no amulet)
Stlth   +            g - ring of protection from cold
HPRegen 0.24/turn    (no ring)
MPRegen 0.08/turn

%: no passive effects
@: no status effects
A: antennae 1
a: no special abilities


You were on level 2 of the Dungeon.
You visited 1 branch of the dungeon, and saw 4 of its levels.

Inventory:

Armour
 a - a +0 leather armour
 h - a +0 scale mail (worn)
Jewellery
 g - a ring of protection from cold (left hand)
Wands
 f - a wand of digging (3)
 i - a wand of polymorph (3)
Scrolls
 b - a scroll of fog
 c - a scroll of magic mapping
 d - a scroll of fear
Potions
 e - a potion of haste


   Skills:
 - Level 3.0 Fighting
 - Level 1.7 Dodging
 - Level 4.5 Stealth
 + Level 2.5 Unarmed Combat


You had one spell level left.
You didn't know any spells.
Your spell library was empty.

Dungeon Overview and Level Annotations

Branches:
Dungeon (5/15)
 Temple: D:4-7

Altars:


Innate Abilities, Weirdness & Mutations

You have a pair of small antennae on your head.


Message History

You hit the giant cockroach.
The giant cockroach is severely wounded.
The giant cockroach bites you but does no damage.
You hit the giant cockroach but do no damage.
The giant cockroach is severely wounded.
The giant cockroach bites you.
You barely miss the giant cockroach.
The giant cockroach is severely wounded.
The giant cockroach bites you but does no damage.
You hit the giant cockroach.
You kill the giant cockroach!
You have reached level 2!
Your demonic ancestry asserts itself...
A pair of antennae grows on your head!
You see here a +0 robe.
A quokka comes into view.
A quokka is nearby!
You closely miss the quokka.
The quokka bites you but does no damage.
The quokka bites you.
You hit the quokka.
The quokka is heavily wounded.
The quokka closely misses you.
You closely miss the quokka.
The quokka is heavily wounded.
The quokka bites you.
You hit the quokka.
You kill the quokka!
No target in view!
No target in view!
No target in view!
No target in view!
No target in view!
No target in view!
No target in view!
No target in view!
No target in view!
No target in view!
No target in view!
Are you sure you want to abandon this character and quit the game? (Confirm with "yes".)

#### #... ...
##.. #...# #.#†#
#.#@# #.#.# # #
#.#.# #.#.#.#.#
#.#.#.#.#
#.......#
#.###.#.#######
.......#......#
#####.#.#####.##


There were no monsters in sight!

Vanquished Creatures
  An ufetubus (D:5)
  2 giant cockroaches
  A quokka (D:2)
4 creatures vanquished.

Notes
Turn   | Place    | Note
-------+----------+-------------------------------------------
     0 | D:5      | Alarkh the Demonspawn Delver began the quest for the Orb.
     0 | D:5      | Reached XP level 1. HP: 18/18 MP: 1/1
   188 | D:5      | Noticed an ogre
   200 | D:5      | an ogre changed into a worm
   292 | D:2      | Gained mutation: You have a pair of small antennae on your
                  | head. [demonic ancestry]
   292 | D:2      | Reached XP level 2. HP: 23/24 MP: 2/2
   322 | D:2      | Quit the game

Illustrated notes

Levels and vault maps discovered:
D:2:      layout_loops_ring, chequers_ecumenical_altar_island,
          uniq_crazy_yiuf_cottage
D:3:      layout_rooms, okawaru_gym_becter, nemelex_xobeh_ov_fountains_minmay,
          nrook_loot_triangle
D:4:      layout_loops_ring
D:5:      cheibrodos_barr_body, layout_basic, nicolae_sif_muna_little_library,
          minmay_temple_entry_crystal_x, grunt_decor_mini_mirrors

Skill      XL: |  1 |
---------------+----+-----
Unarmed Combat | 2 |  2.5
Fighting       | |  3.0
Dodging        | |  1.7
Stealth        | |  4.5

Action                     || total
---------------------------++-------
  Melee: Unarmed           ||    31
  Evoke: Wand              ||     2
 Armour: Scale mail        ||     9
         Leather armour    ||     4
  Dodge: Dodged            ||    27
